 Dungeon Crawl Stone Soup version 0.31.0-1-g2c135a0 (webtiles) character file.

Game seed: 13036993327475056396

130043 jagoly the Severer (level 16, -3/160 HPs)
             Began as a Gargoyle Monk on Jan 26, 2024.
             Was an Elder of the Shining One.
             Slain by a deep elf blademaster
             ... wielding a +0 rapier of holy wrath
              (9 damage)
             ... on level 3 of the Elven Halls.
             The game lasted 02:52:21 (11221 turns).

jagoly the Severer (Gargoyle Monk)                 Turns: 11221, Time: 02:52:21

Health: -3/160     AC: 26    Str: 23    XL:     16   Next: 81%
Magic:  22/25      EV: 14    Int: 17    God:    the Shining One [****..]
Gold:   1629       SH: 16    Dex: 12    Spells: 15/15 levels left

rFire   . . .        x - +3 battleaxe (freeze)
rCold   + . .        (shield currently unavailable)
rNeg    + + +        T - +0 troll leather armour
rPois   ∞            p - +1 helmet {Int+3}
rElec   +            h - +0 cloak
rCorr   .            H - +0 pair of gloves
SInv    +            F - +0 pair of boots
Will    ++...        X - amulet of Rocoat {Reflect ^Contam rC+ Int+3 SH+5 SInv} Stlth
                     N - +4 ring of protection
HPRegen 1.26/turn    S - ring of willpower
MPRegen 0.19/turn

%: reflection
@: berserking (expiring), divinely shielded, attractive, flying, glowing, very
quick
A: sickness immunity, AC +12, big wings, negative energy resistance 1,
electricity resistance, torment resistance 1, petrification resistance
a: Renounce Religion, Divine Shield, Cleansing Flame


You were on level 3 of the Elven Halls.
You worshipped the Shining One.
The Shining One was greatly pleased with you.
You visited 5 branches of the dungeon, and saw 22 of its levels.
You also visited: Gauntlet.

You collected 2126 gold pieces.
You spent 497 gold pieces at shops.

Inventory:

Hand Weapons
 a - a +2 battleaxe of flaming
 b - a +1 war axe of venom
 x - a +3 battleaxe of freezing (weapon)
 D - a +3 eveningstar of flaming
Missiles
 f - 18 boomerangs (quivered)
 j - a throwing net
 m - 3 javelins
Armour
 h - a +0 cloak (worn)
 o - +0 acid dragon scales
 p - a +1 helmet of intelligence (worn)
 u - a +4 chain mail of cold resistance
 F - a +0 pair of boots (worn)
 H - a +0 pair of gloves (worn)
 T - a +0 troll leather armour (worn)
Jewellery
 G - a ring of fire
 N - a +4 ring of protection (left hand)
 O - a ring of protection from cold
 S - a ring of willpower (right hand)
 X - the amulet of Rocoat (around neck) {Reflect ^Contam rC+ Int+3 SH+5 SInv}
   (You found it in a Gauntlet)

   [amulet of reflection]

   Reflect:   It reflects blocked missile attacks.
   Int+3:     It affects your intelligence (+3).
   rC+:       It protects you from cold.
   SInv:      It lets you see invisible.
   ^Contam:   It causes magical contamination when unequipped.
   SH+5:      It affects your SH (+5).
Wands
 B - a wand of iceblast (6)
 I - a wand of quicksilver (6)
 U - a wand of mindburst (9)
 W - a wand of digging (8)
Scrolls
 g - 7 scrolls of teleportation
 k - 5 scrolls of revelation
 n - 6 scrolls of poison
 q - a scroll of acquirement {unknown}
 r - 2 scrolls of enchant weapon
 y - a scroll of silence {unknown}
 A - 2 scrolls of amnesia {unknown}
 C - 2 scrolls of blinking
 L - 2 scrolls of immolation {unknown}
 M - 2 scrolls of fog {unknown}
 V - 2 scrolls of torment {unknown}
Potions
 c - 5 potions of ambrosia
 d - 2 potions of invisibility {unknown}
 e - 3 potions of berserk rage
 i - a potion of experience {unknown}
 l - 3 potions of curing
 s - 2 potions of magic {unknown}
 t - 2 potions of enlightenment
 v - 6 potions of might
 z - 4 potions of resistance
 E - 2 potions of cancellation {unknown}
 J - 3 potions of haste
 K - a potion of heal wounds
 P - 2 potions of lignification {unknown}
 Q - 2 potions of degeneration {unknown}
 R - 2 potions of attraction
 Y - a potion of mutation {unknown}
Miscellaneous
 w - a lightning rod (4/4)
 Z - a phial of floods


   Skills:
 + Level 14.9 Fighting
 + Level 17.5 Axes
 * Level 7.4 Throwing
 - Level 9.0 Armour
 - Level 6.0 Dodging
 - Level 2.0 Stealth
 - Level 12.0 Invocations
 - Level 8.0 Evocations


You had 15 spell levels left.
You didn't know any spells.
Your spell library contained the following spells:

 Spells                   Type           Power      Damage    Failure   Level
 Apportation              Tloc           0%         N/A       26%         1
 Magic Dart               Conj           0%         1d3       26%         1
 Shock                    Conj/Air       0%         1d3       26%         1
 Summon Small Mammal      Summ           0%         N/A       26%         1
 Jinxbite                 Hex            0%         N/A       36%         2
 Searing Ray              Conj           0%         2d4       36%         2
 Static Discharge         Conj/Air       0%         3-3/arc   36%         2
 Call Canine Familiar     Summ           0%         N/A       61%         3
 Fugue of the Fallen      Necr           0%         N/A       61%         3
 Gell's Gravitas          Tloc           0%         N/A       61%         3
 Ozocubu's Armour         Ice            0%         N/A       61%         3
 Swiftness                Air            0%         N/A       61%         3
 Teleport Other           Tloc           0%         N/A       61%         3
 Airstrike                Air            0%         2d(0-16)  95%         4
 Fulminant Prism          Conj/Alch      0%         3d5       95%         4
 Manifold Assault         Tloc           0%         N/A       95%         4
 Summon Blazeheart Golem  Fire/Summ      0%         N/A       95%         4
 Summon Lightning Spire   Summ/Air       0%         N/A       95%         4
 Vhi's Electric Charge    Tloc/Air       0%         N/A       95%         4
 Alistair's Intoxication  Alch           0%         N/A       100%        5
 Arcjolt                  Conj/Air       0%         1d10      100%        5
 Dispersal                Tloc           0%         N/A       100%        6
 Plasma Beam              Fire/Air       0%         2x1d10    100%        6
 Maxwell's Capacitive Co  Air            0%         ∞         100%        8


Dungeon Overview and Level Annotations

Branches:
Dungeon (11/15) Zot: 25796  Temple (1/1) D:5 Zot: 5998    Lair (5/5) D:9 Zot: 25655
 Shoals (0/4) Lair:2        Snake (0/4) Lair:2        Slime (0/5) Lair:5
    Orc (2/2) D:9 Zot: 11249     Elf (3/3) Orc:2 Zot: 17076 Gauntlet (visited)

Altars:
Ashenzari
Cheibriados
Dithmenos
Elyvilon
Fedhas
Gozag
Hepliaklqana
Kikubaaqudgha
Makhleb
Nemelex Xobeh
Okawaru
Qazlal
Ru
Sif Muna
Trog
Uskayaw
Vehumet
Wu Jian
Xom
Yredelemnul
Zin
The Shining One
Jiyva

Shops:
D:4 :   D:5 *   D:11 !   Orc:2 :[([

Annotations:
Elf:1 1 runed translucent door
Elf:2 5 runed translucent doors


Innate Abilities, Weirdness & Mutations

You are immune to sickness and miasma.
Your stone body is resilient. (AC +12)
You are immune to poison.
Your large and strong wings let you fly.
You resist negative energy. (rN+)
You are resistant to electric shocks. (rElec)
You are resistant to unholy torment.
You are immune to petrification.


Message History

g - Guard the area. f - Follow me.
Anything else - Cancel.
You shout for attention!
Your angel gestures.
Your angel is healed somewhat.
What are your orders? t - Shout!
Orders for allies: a - Attack new target. r - Retreat! s - Stop attacking. g - Guard the area. f - Follow me.
Anything else - Cancel.
You shout for attention!
You hear a shout! x2
Your angel gestures.
Your angel is healed somewhat.
What are your orders? t - Shout!
Orders for allies: a - Attack new target. r - Retreat! s - Stop attacking. g - Guard the area. f - Follow me.
Anything else - Cancel.
You shout for attention!
Your divine shield fades away.
Things that are here:
a +0 short sword; a +0 leather armour; an elf corpse What are your orders? t - Shout!
Orders for allies: a - Attack new target. r - Retreat! s - Stop attacking. g - Guard the area. f - Follow me.
Anything else - Cancel.
You shout for attention!
You hear a shout! x2
Things that are here:
a +0 long sword; a +0 chain mail; an elf corpse
Items here: )) [ †.
Things that are here:
a +0 short sword; a +2 scale mail of positive energy
Press: ? - help, v - describe, . - travel, g - get item
Items here: )))) [[ ††.
The floor, spattered with blood.
This square is lit by a halo.
You swap places.
Items here: )) [ †.
Items here: )))) [[ ††.
Okay, then.
Your +2 battleaxe of flaming stops flaming.
Your +3 battleaxe of freezing glows with a cold blue light!
x - a +3 battleaxe of freezing (weapon)
You swap places.
Items here: )) [ †.
A deep elf high priest comes into view. It is wielding a +0 short sword.
You swap places.
A deep elf sorcerer comes into view. It is wielding a +0 long sword.
Items here: )) [ †.
Your angel hits the deep elf high priest with a +2 whip of holy wrath. x2
Items here: ))) [[ ††.
Your angel hits the deep elf high priest with a +2 whip of holy wrath! x2
The deep elf high priest hits your angel with a +0 short sword.
The deep elf sorcerer gestures wildly while chanting.
The deep elf sorcerer seems to speed up.
Your angel hits the deep elf high priest with a +2 whip of holy wrath!!
Your angel hits the deep elf high priest with a +2 whip of holy wrath.
Your angel hits the deep elf sorcerer with a +2 whip of holy wrath!!
Your angel closely misses the deep elf sorcerer.
Your angel misses the deep elf sorcerer.
Your angel hits the deep elf sorcerer with a +2 whip of holy wrath!
The deep elf high priest calls down the wrath of its god upon you.
The sphere of damnation explodes!
The damnation engulfs you!!
The deep elf sorcerer hits your angel with a +0 long sword!
You hear a shout! x2
Your angel hits the deep elf sorcerer with a +2 whip of holy wrath.
Your angel hits the deep elf sorcerer with a +2 whip of holy wrath!
The deep elf sorcerer misses your angel.
Your angel closely misses the deep elf sorcerer.
Your angel hits the deep elf sorcerer with a +2 whip of holy wrath.
The deep elf sorcerer hits your angel with a +0 long sword!
Your angel gestures.
Your angel is healed somewhat.
The deep elf high priest invokes the aid of its god against you.
Something smites you!
The deep elf sorcerer casts a spell at you.
The bolt of acid hits your angel!!! The bolt of acid hits you.
The acid corrodes you!
Your angel gestures.
Your angel is healed somewhat.
The deep elf sorcerer hits your angel with a +0 long sword.
Your angel gestures.
Your angel is healed somewhat.
The deep elf sorcerer hits your angel with a +0 long sword!
Your angel hits the deep elf sorcerer with a +2 whip of holy wrath!
Your angel hits the deep elf sorcerer with a +2 whip of holy wrath.
The deep elf sorcerer hits your angel with a +0 long sword!
Your angel dies!
Your angel dissolves into sparkling lights!
Okay, then.
Unknown command.
Okay, then.
Aiming: Iceblast
Press: ? - help, Shift-Dir - straight line, f - deep elf sorcerer
Aim: a deep elf sorcerer, wielding a +0 long sword and wearing a +0 leather armour (severely wounded, fast, haloed)
The mass of ice explodes!
The iceblast engulfs the deep elf sorcerer!!
You kill the deep elf sorcerer!
The Shining One accepts your kill.
You feel better.
You hear a shout!
Your Throwing skill increases to level 7!
Throw: 18 boomerangs
Press: ? - help, Q - select action, (/) - cycle Shift-Dir - straight line, f - deep elf high priest
Aim: a deep elf high priest, wielding a +0 short sword (severely wounded, haloed, 72% to hit)
You throw a boomerang.
The boomerang hits the deep elf high priest but does no damage.
The deep elf high priest is severely wounded.
The deep elf high priest says, "The wrath of my God will be yours."
Throw: 18 boomerangs
Press: ? - help, Q - select action, (/) - cycle Shift-Dir - straight line, f/p - deep elf high priest
Aim: a deep elf high priest, wielding a +0 short sword (severely wounded, haloed, 72% to hit)
You throw a boomerang.
The boomerang hits the deep elf high priest.
The deep elf high priest is almost dead.
Cleave: x) +3 battleaxe (freeze)
Press: ? - help, Dir - move target, f/p - deep elf high priest
Aim: a deep elf high priest, wielding a +0 short sword (almost dead, haloed, about 25% to evade your +3 battleaxe of freezing)
You slice the deep elf high priest!! You freeze the deep elf high priest.
You kill the deep elf high priest!
The Shining One accepts your kill.
You feel better.
You see here a +0 short sword.
A deep elf master archer comes into view.
Things that are here:
a +0 long sword; a +0 leather armour; an elf corpse
Okay, then.
Okay, then.
Search for what [Enter for "axe", or ? for help]? cur Unknown command.
Unknown command.
Okay, then.
Press: ? - help, v - describe, . - travel, g - get item
Here: a deep elf master archer, wearing a +0 leather armour and wearing a ring of protection from cold (haloed)
Items here: )) [ †.
The floor, spattered with blood.
You see here a +0 short sword.
You are no longer corroded.
A divine shield forms around you!
Okay, then.
Press: ? - help, v - describe, . - travel, g - get item
Here: a deep elf master archer, wearing a +0 leather armour and wearing a ring of protection from cold (haloed) Item here: a +0 short sword.
The floor.
Unknown command.
Cleave: x) +3 battleaxe (freeze)
Press: ? - help, Dir - move target, f - deep elf master archer
Aim: a deep elf master archer, wearing a +0 leather armour and wearing a ring of protection from cold (haloed, about 30% to evade your +3 battleaxe of freezing)
You slice the deep elf master archer!! You freeze the deep elf master archer.
The deep elf master archer is moderately wounded.
Cleave: x) +3 battleaxe (freeze)
Press: ? - help, Dir - move target, f/p - deep elf master archer
Aim: a deep elf master archer, wearing a +0 leather armour and wearing a ring of protection from cold (moderately wounded, haloed, about 30% to evade your +3 battleaxe of freezing)
You closely miss the deep elf master archer.
The deep elf master archer is moderately wounded.
The deep elf master archer wields a +0 longbow.
The deep elf master archer shoots an arrow.
You block the arrow with an invisible shield... and reflect it back!
The arrow hits the deep elf master archer!
The deep elf master archer shoots an arrow.
The arrow hits you.
Cleave: x) +3 battleaxe (freeze)
Press: ? - help, Dir - move target, f/p - deep elf master archer
Aim: a deep elf master archer, wielding a +0 longbow, wearing a +0 leather armour and wearing a ring of protection from cold (heavily wounded, haloed, about 30% to evade your +3 battleaxe of freezing)
You slice the deep elf master archer!! You freeze the deep elf master archer.
The deep elf master archer is almost dead.
The deep elf master archer shoots an arrow.
You block the arrow with an invisible shield... and reflect it back!
The arrow hits the deep elf master archer!!
You kill the deep elf master archer!
You now have 1629 gold pieces (gained 108).
Your pack is full.
Items here: )) = [.
Okay, then.
You drop 3 scrolls of brand weapon.
Okay, then.
Things that are here:
a +0 long sword; a +0 leather armour; an elf corpse Unknown command.
Items here: ))) [[ ††.
A deep elf master archer comes into view.
The deep elf master archer shouts!
You hear a shout!
The deep elf master archer wields a +0 longbow.
The deep elf master archer shoots an arrow.
The arrow closely misses you.
You hear a shout! x2
Items here: )) [ †.
Items here: ))) [[ ††.
Things that are here:
a +0 long sword; a +0 leather armour; an elf corpse
Items here: )) = ? [.
The deep elf master archer shoots an arrow.
The arrow hits you but does no damage.
The deep elf master archer shoots an arrow.
The arrow hits you!!
The deep elf master archer shoots an arrow.
You block the arrow with an invisible shield... and reflect it back!
The arrow hits the deep elf master archer!!
The deep elf master archer shoots an arrow.
The arrow barely misses you.
You hear a shout!
You barely miss the deep elf master archer.
The deep elf master archer is moderately wounded.
The deep elf master archer shoots an arrow.
The arrow hits you.
The deep elf master archer shoots an arrow.
You block the arrow with an invisible shield... and reflect it back!
The arrow hits the deep elf master archer!!
You hit the deep elf master archer. You freeze the deep elf master archer.
The deep elf master archer is severely wounded.
The deep elf master archer shoots an arrow.
The arrow closely misses you.
The deep elf master archer shoots an arrow.
You block the arrow with an invisible shield... and reflect it back!
The arrow hits the deep elf master archer!
You barely miss the deep elf master archer.
The deep elf master archer is almost dead.
The deep elf master archer shoots an arrow.
The arrow hits you!
You slash the deep elf master archer! You freeze the deep elf master archer.
You kill the deep elf master archer!
Things that are here:
a +0 longbow; a +0 leather armour A deep elf demonologist comes into view.
It is wielding a +0 long sword.
The deep elf demonologist shouts!
The deep elf demonologist casts a spell.
Items here: )) = ? [.
Okay, then.
Press: ? - help, v - describe, . - travel, g - get item
Here: a Brimstone Fiend (summoned, haloed)
Items here: a +0 short sword; a +0 leather armour; an elf corpse.
The floor, spattered with blood.
There are monsters nearby!
Unknown command.
Throw: 18 boomerangs
Press: ? - help, Q - select action, (/) - cycle Shift-Dir - straight line, f - deep elf demonologist, p - Brimstone Fiend
Aim: a deep elf demonologist, wielding a +0 long sword and wearing a +3 chain mail (haloed, 79% to hit)
You throw a boomerang.
The boomerang hits the deep elf demonologist!
The deep elf demonologist is lightly wounded.
The deep elf demonologist mumbles some strange words.
You feel attractive to monsters. The Brimstone Fiend gestures at you.
The sphere of damnation explodes!
The damnation engulfs you!!!
* * * LOW HITPOINT WARNING * * *
The damnation engulfs the Brimstone Fiend.
The Brimstone Fiend completely resists.
The damnation engulfs the Brimstone Fiend.
The Brimstone Fiend completely resists.
You block the Brimstone Fiend's attack.
The Brimstone Fiend completely misses you.
The Brimstone Fiend hits you but does no damage.
The deep elf demonologist gestures wildly while chanting.
The cacodemon is attracted toward you.
Blink to where?
Press: ? - help, Dir - move target, p - deep elf demonologist
As you read the scroll of blinking, it crumbles to dust.
The Brimstone Fiend hits you.
* * * LOW HITPOINT WARNING * * *
The Brimstone Fiend hits you!
* * * LOW HITPOINT WARNING * * *
You block the Brimstone Fiend's attack.
The deep elf demonologist hits you but does no damage.
The cacodemon gestures at you. You resist with almost no effort.
Cleave: x) +3 battleaxe (freeze)
Press: ? - help, Dir - move target, f - deep elf demonologist
Aim: a deep elf demonologist, wielding a +0 long sword and wearing a +3 chain mail (lightly wounded, haloed, about 19% to evade your +3 battleaxe of freezing)
You slash the deep elf demonologist! You freeze the deep elf demonologist.
The deep elf demonologist is heavily wounded.
You hit the Brimstone Fiend but do no damage.
You hit the cacodemon. You freeze the cacodemon.
You hit the Brimstone Fiend but do no damage.
The Brimstone Fiend hits you but does no damage.
You block the Brimstone Fiend's attack. The Brimstone Fiend barely misses you.
The Brimstone Fiend hits you but does no damage. x3
The deep elf demonologist points at you and mumbles some strange words.
You resist with almost no effort.
Cleave: x) +3 battleaxe (freeze)
Press: ? - help, Dir - move target, f/p - deep elf demonologist
Aim: a deep elf demonologist, wielding a +0 long sword and wearing a +3 chain mail (heavily wounded, haloed, about 19% to evade your +3 battleaxe of freezing)
You barely miss the deep elf demonologist.
The deep elf demonologist is heavily wounded.
You hit the Brimstone Fiend but do no damage.
You hit the Brimstone Fiend. You freeze the Brimstone Fiend.
You hit the cacodemon but do no damage. The cacodemon gestures at you.
You resist with almost no effort. You block the Brimstone Fiend's attack.
The Brimstone Fiend hits you but does no damage.
The Brimstone Fiend hits you.
* * * LOW HITPOINT WARNING * * *
The Brimstone Fiend hits you but does no damage.
The Brimstone Fiend hits you!
* * * LOW HITPOINT WARNING * * *
The Brimstone Fiend hits you but does no damage.
The deep elf demonologist hits you but does no damage.
Cleave: x) +3 battleaxe (freeze)
Press: ? - help, Dir - move target, f/p - deep elf demonologist
Aim: a deep elf demonologist, wielding a +0 long sword and wearing a +3 chain mail (heavily wounded, haloed, about 19% to evade your +3 battleaxe of freezing)
Okay, then.
Activating: Cleansing Flame (2% risk of failure)
Press: ? - help, Dir - look around, f - activate The golden flame engulfs you but does no damage.
You resist.
The golden flame engulfs the cacodemon!
The cacodemon writhes in agony!
The cacodemon is lightly wounded.
The golden flame engulfs the deep elf demonologist!
The deep elf demonologist is severely wounded.
The golden flame engulfs the Brimstone Fiend!!
The Brimstone Fiend writhes in agony!
The Brimstone Fiend is moderately wounded.
The golden flame engulfs the Brimstone Fiend!!
The Brimstone Fiend writhes in agony!
The Brimstone Fiend is moderately wounded.
You hear a shout! x2
The cacodemon gestures at you. You resist with almost no effort.
The Brimstone Fiend hits you but does no damage.
The Brimstone Fiend closely misses you.
The Brimstone Fiend hits you but does no damage.
The Brimstone Fiend completely misses you.
The Brimstone Fiend misses you.
The Brimstone Fiend hits you but does no damage.
The deep elf demonologist mumbles some strange words.
The chaos spawn is attracted toward you.
Cleave: x) +3 battleaxe (freeze)
Press: ? - help, Dir - move target, f - deep elf demonologist
Aim: a deep elf demonologist, wielding a +0 long sword and wearing a +3 chain mail (severely wounded, haloed, about 19% to evade your +3 battleaxe of freezing)
You slice the deep elf demonologist!! You freeze the deep elf demonologist!
You kill the deep elf demonologist!
The Shining One accepts your kill.
You feel better.
You feel your power returning.
The Brimstone Fiend disappears in a puff of smoke! x2
The cacodemon disappears in a puff of smoke!
The smoke demon disappears in a puff of smoke!
The chaos spawn degenerates into a cloud of primal chaos!
Unknown command.
O - a ring of protection from cold
Items here: )) ? [.
A deep elf blademaster comes into view.
It is wielding two +0 rapiers of holy wrath and wearing a +0 plate armour of cold resistance.
Press: ? - help, v - describe, . - travel, g - get item
Here: a deep elf blademaster, wielding two +0 rapiers of holy wrath, wearing a +0 plate armour of cold resistance and wearing a ring of resist corrosion (haloed)
Items here: a +0 long sword; a +0 leather armour; an elf corpse.
The floor, spattered with blood.
Unknown command.
Unknown command.
Okay, then.
Press: ? - help, v - describe, . - travel, g - get item
Here: a deep elf blademaster, wielding two +0 rapiers of holy wrath, wearing a +0 plate armour of cold resistance and wearing a ring of resist corrosion (haloed)
Items here: a +0 long sword; a +0 leather armour; an elf corpse.
The floor, spattered with blood.
A red film seems to cover your vision as you go berserk!
You feel yourself moving faster!
You feel mighty!
The deep elf blademaster hits you but does no damage.
The deep elf blademaster hits you with a +0 rapier of holy wrath!
* * * LOW HITPOINT WARNING * * *
Cleave: x) +3 battleaxe (freeze)
Press: ? - help, Dir - move target, f - deep elf blademaster
Aim: a deep elf blademaster, wielding two +0 rapiers of holy wrath, wearing a +0 plate armour of cold resistance and wearing a ring of resist corrosion (haloed, about 49% to evade your +3 battleaxe of freezing)
You slash the deep elf blademaster! You freeze the deep elf blademaster.
The deep elf blademaster is lightly wounded.
You block the deep elf blademaster's attack.
The deep elf blademaster hits you but does no damage.
Cleave: x) +3 battleaxe (freeze)
Press: ? - help, Dir - move target, f/p - deep elf blademaster
Aim: a deep elf blademaster, wielding two +0 rapiers of holy wrath, wearing a +0 plate armour of cold resistance and wearing a ring of resist corrosion (lightly wounded, haloed, about 49% to evade your +3 battleaxe of freezing)
You miss the deep elf blademaster.
The deep elf blademaster is lightly wounded.
The deep elf blademaster hits you with a +0 rapier of holy wrath!
* * * LOW HITPOINT WARNING * * *
You block the deep elf blademaster's attack.
Cleave: x) +3 battleaxe (freeze)
Press: ? - help, Dir - move target, f/p - deep elf blademaster
Aim: a deep elf blademaster, wielding two +0 rapiers of holy wrath, wearing a +0 plate armour of cold resistance and wearing a ring of resist corrosion (lightly wounded, haloed, about 49% to evade your +3 battleaxe of freezing)
You completely miss the deep elf blademaster.
The deep elf blademaster is lightly wounded.
You block the deep elf blademaster's attack.
The deep elf blademaster hits you with a +0 rapier of holy wrath.
* * * LOW HITPOINT WARNING * * *
Cleave: x) +3 battleaxe (freeze)
Press: ? - help, Dir - move target, f/p - deep elf blademaster
Aim: a deep elf blademaster, wielding two +0 rapiers of holy wrath, wearing a +0 plate armour of cold resistance and wearing a ring of resist corrosion (lightly wounded, haloed, about 49% to evade your +3 battleaxe of freezing)
You hit the deep elf blademaster. You freeze the deep elf blademaster.
The deep elf blademaster is lightly wounded.
You block the deep elf blademaster's attack.
The deep elf blademaster closely misses you.
Cleave: x) +3 battleaxe (freeze)
Press: ? - help, Dir - move target, f/p - deep elf blademaster
Aim: a deep elf blademaster, wielding two +0 rapiers of holy wrath, wearing a +0 plate armour of cold resistance and wearing a ring of resist corrosion (lightly wounded, haloed, about 49% to evade your +3 battleaxe of freezing)
You miss the deep elf blademaster.
The deep elf blademaster is lightly wounded.
The deep elf blademaster hits you with a +0 rapier of holy wrath!!
* * * LOW HITPOINT WARNING * * *
The deep elf blademaster misses you.
Cleave: x) +3 battleaxe (freeze)
Press: ? - help, Dir - move target, f/p - deep elf blademaster
Aim: a deep elf blademaster, wielding two +0 rapiers of holy wrath, wearing a +0 plate armour of cold resistance and wearing a ring of resist corrosion (lightly wounded, haloed, about 49% to evade your +3 battleaxe of freezing)
You closely miss the deep elf blademaster.
The deep elf blademaster is lightly wounded.
Unknown command.
Cleave: x) +3 battleaxe (freeze)
Press: ? - help, Dir - move target, f/p - deep elf blademaster
Aim: a deep elf blademaster, wielding two +0 rapiers of holy wrath, wearing a +0 plate armour of cold resistance and wearing a ring of resist corrosion (lightly wounded, haloed, about 49% to evade your +3 battleaxe of freezing)
You slice the deep elf blademaster!! You freeze the deep elf blademaster.
The deep elf blademaster is heavily wounded.
The deep elf blademaster hits you with a +0 rapier of holy wrath.
* * * LOW HITPOINT WARNING * * *
You block the deep elf blademaster's attack.
Cleave: x) +3 battleaxe (freeze)
Press: ? - help, Dir - move target, f/p - deep elf blademaster
Aim: a deep elf blademaster, wielding two +0 rapiers of holy wrath, wearing a +0 plate armour of cold resistance and wearing a ring of resist corrosion (moderately wounded, haloed, about 49% to evade your +3 battleaxe of freezing)
You slash the deep elf blademaster! You freeze the deep elf blademaster.
The deep elf blademaster is heavily wounded.
The deep elf blademaster hits you but does no damage. x2
Cleave: x) +3 battleaxe (freeze)
Press: ? - help, Dir - move target, f/p - deep elf blademaster
Aim: a deep elf blademaster, wielding two +0 rapiers of holy wrath, wearing a +0 plate armour of cold resistance and wearing a ring of resist corrosion (heavily wounded, haloed, about 49% to evade your +3 battleaxe of freezing)
You miss the deep elf blademaster.
The deep elf blademaster is heavily wounded.
The deep elf blademaster hits you with a +0 rapier of holy wrath!
* * * LOW HITPOINT WARNING * * *
The deep elf blademaster misses you.
Cleave: x) +3 battleaxe (freeze)
Press: ? - help, Dir - move target, f/p - deep elf blademaster
Aim: a deep elf blademaster, wielding two +0 rapiers of holy wrath, wearing a +0 plate armour of cold resistance and wearing a ring of resist corrosion (heavily wounded, haloed, about 49% to evade your +3 battleaxe of freezing)
Okay, then.
You are too berserk!
Cleave: x) +3 battleaxe (freeze)
Press: ? - help, Dir - move target, f/p - deep elf blademaster
Aim: a deep elf blademaster, wielding two +0 rapiers of holy wrath, wearing a +0 plate armour of cold resistance and wearing a ring of resist corrosion (heavily wounded, haloed, about 49% to evade your +3 battleaxe of freezing)
You closely miss the deep elf blademaster.
The deep elf blademaster is heavily wounded.
You block the deep elf blademaster's attack.
The deep elf blademaster hits you with a +0 rapier of holy wrath.
* * * LOW HITPOINT WARNING * * *
Cleave: x) +3 battleaxe (freeze)
Press: ? - help, Dir - move target, f/p - deep elf blademaster
Aim: a deep elf blademaster, wielding two +0 rapiers of holy wrath, wearing a +0 plate armour of cold resistance and wearing a ring of resist corrosion (heavily wounded, haloed, about 49% to evade your +3 battleaxe of freezing)
You miss the deep elf blademaster.
The deep elf blademaster is heavily wounded.
The deep elf blademaster hits you with a +0 rapier of holy wrath.
* * * LOW HITPOINT WARNING * * *
The deep elf blademaster hits you but does no damage.
Cleave: x) +3 battleaxe (freeze)
Press: ? - help, Dir - move target, f/p - deep elf blademaster
Aim: a deep elf blademaster, wielding two +0 rapiers of holy wrath, wearing a +0 plate armour of cold resistance and wearing a ring of resist corrosion (heavily wounded, haloed, about 49% to evade your +3 battleaxe of freezing)
You completely miss the deep elf blademaster.
The deep elf blademaster is heavily wounded.
Cleave: x) +3 battleaxe (freeze)
Press: ? - help, Dir - move target, f/p - deep elf blademaster
Aim: a deep elf blademaster, wielding two +0 rapiers of holy wrath, wearing a +0 plate armour of cold resistance and wearing a ring of resist corrosion (heavily wounded, haloed, about 49% to evade your +3 battleaxe of freezing)
You miss the deep elf blademaster.
The deep elf blademaster is heavily wounded.
The deep elf blademaster hits you with a +0 rapier of holy wrath!
* * * LOW HITPOINT WARNING * * *
You block the deep elf blademaster's attack.
Cleave: x) +3 battleaxe (freeze)
Press: ? - help, Dir - move target, f/p - deep elf blademaster
Aim: a deep elf blademaster, wielding two +0 rapiers of holy wrath, wearing a +0 plate armour of cold resistance and wearing a ring of resist corrosion (heavily wounded, haloed, about 49% to evade your +3 battleaxe of freezing)
You hit the deep elf blademaster.
The deep elf blademaster is heavily wounded.
You block the deep elf blademaster's attack.
The deep elf blademaster hits you but does no damage.
Cleave: x) +3 battleaxe (freeze)
Press: ? - help, Dir - move target, f/p - deep elf blademaster
Aim: a deep elf blademaster, wielding two +0 rapiers of holy wrath, wearing a +0 plate armour of cold resistance and wearing a ring of resist corrosion (heavily wounded, haloed, about 49% to evade your +3 battleaxe of freezing)
You closely miss the deep elf blademaster.
The deep elf blademaster is heavily wounded.
The deep elf blademaster completely misses you.
The deep elf blademaster hits you but does no damage.
Cleave: x) +3 battleaxe (freeze)
Press: ? - help, Dir - move target, f/p - deep elf blademaster
Aim: a deep elf blademaster, wielding two +0 rapiers of holy wrath, wearing a +0 plate armour of cold resistance and wearing a ring of resist corrosion (heavily wounded, haloed, about 49% to evade your +3 battleaxe of freezing)
You slice the deep elf blademaster!! You freeze the deep elf blademaster.
The deep elf blademaster is almost dead.
You block the deep elf blademaster's attack.
The deep elf blademaster hits you but does no damage.
Cleave: x) +3 battleaxe (freeze)
Press: ? - help, Dir - move target, f/p - deep elf blademaster
Aim: a deep elf blademaster, wielding two +0 rapiers of holy wrath, wearing a +0 plate armour of cold resistance and wearing a ring of resist corrosion (severely wounded, haloed, about 49% to evade your +3 battleaxe of freezing)
You miss the deep elf blademaster.
The deep elf blademaster is severely wounded.
Cleave: x) +3 battleaxe (freeze)
Press: ? - help, Dir - move target, f/p - deep elf blademaster
Aim: a deep elf blademaster, wielding two +0 rapiers of holy wrath, wearing a +0 plate armour of cold resistance and wearing a ring of resist corrosion (severely wounded, haloed, about 49% to evade your +3 battleaxe of freezing)
You completely miss the deep elf blademaster.
The deep elf blademaster is severely wounded.
You block the deep elf blademaster's attack.
The deep elf blademaster hits you but does no damage.
Cleave: x) +3 battleaxe (freeze)
Press: ? - help, Dir - move target, f/p - deep elf blademaster
Aim: a deep elf blademaster, wielding two +0 rapiers of holy wrath, wearing a +0 plate armour of cold resistance and wearing a ring of resist corrosion (severely wounded, haloed, about 49% to evade your +3 battleaxe of freezing)
You slash the deep elf blademaster! You freeze the deep elf blademaster.
The deep elf blademaster is almost dead.
The deep elf blademaster hits you with a +0 rapier of holy wrath!
You die...

#.###### *****
#####.##### *,,,*
*###.........# *,*,*
*........###.# *,*,*
*.##.##..# #.#
*,*,***,*#.##..# #.#
,,**,**,*#.....###.#
***********
,,**,##.##.##...##.#
*,,,,,,,,,*
,,***$......^...@).#
*,*******,*
,*****#.......)e#### *,*
*,*
,,*,**##.####..)#######.#
*,* ∩,,,,,,.,*
#...))...))..# *,*
,,*,****** ##...######)e#
*,* ,**** ##### **,## ***
,,*,* ****,,,**** ,,*,**
***,,*,,,*,,*** ,,*,,**
***,,,,*,,,*,,,,***


You could see a deep elf blademaster.

Vanquished Creatures
  2 deep elf master archers (Elf:3)
  A deep elf sorcerer (Elf:3)
  A deep elf demonologist (Elf:3)
  A minotaur (Gauntlet)
  A deep elf annihilator (Elf:1)
  A green death (Gauntlet)
  A deep elf high priest (Elf:3)
  A catoblepas (Lair:5)
  3 dancing weapons (Elf:2)
  2 death yaks (Lair:5)
  6 two-headed ogres
  2 deep elf knights (Elf:2)
  A soul eater (Gauntlet)
  2 skysharks
  A goliath frog (Lair:5)
  2 deep elf archers
  A skeletal warrior (D:9)
  A deep troll (Orc:2)
  Pikel (D:8)
  An orc knight (Orc:2)
  3 deep elf pyromancers (Elf:2)
  6 deep elf zephyrmancers
  An ugly thing (D:9)
  15 elephants
  A worldbinder (Gauntlet)
  2 kobold blastminers (Orc:2)
  Joseph (D:7)
  Maggie (D:8)
  23 cane toads
  An orange demon (Gauntlet)
  7 black mambas
  A torpor snail (Lair:2)
  2 gargoyles (D:11)
  3 rime drakes
  Jeremiah (D:8)
  2 unseen horrors (D:11)
  2 komodo dragons
  An anaconda simulacrum (Lair:1)
  6 trolls
  A polar bear (Lair:4)
  The ghost of jagoly the Trooper, an amateur DrSh of Uskayaw (D:5)
  A tyrant leech (Lair:5)
  A merfolk (Lair:2)
  A wolf spider simulacrum (Lair:1)
  15 blink frogs
  2 shadows (D:11)
  A wraith (D:9)
  4 fire bats
  35 yaks
  A vampire (D:11)
  A wyvern (Lair:2)
  A redback (D:9)
  A fire elemental (Elf:3)
  7 vampire mosquitoes
  2 basilisks
  2 swamp worms (Lair:4)
  3 acid dragons
  3 black bears
  18 water moccasins
  2 sky beasts
  18 orc warriors
  3 boggarts (Gauntlet)
  12 ogres
  10 wolves
  2 centaurs
  3 lemures (D:8)
  2 phantoms
  2 kobold brigands
  An earth elemental (Elf:2)
  21 bullfrogs
  2 scorpions
  A gnoll sergeant (D:7)
  9 wights
  An elephant simulacrum (Lair:1)
  A blink frog simulacrum (Lair:1)
  12 killer bees
  3 howler monkeys
  An electric eel (Lair:2)
  The ghost of jagoly the Conjurer, a weakling OpCj (D:4)
  A human zombie (D:4)
  4 hounds
  11 orc priests
  4 gnoll boudas
  4 jellies
  6 iguanas
  Ijyb (D:5)
  Natasha (D:4)
  16 orc wizards
  3 scorpion zombies (D:4)
  A yak simulacrum (Lair:1)
  3 hound zombies (D:4)
  A mummy (D:4)
  Robin (D:2)
  10 adders
  23 gnolls
  7 shadow imps
  3 white imps
  An adder zombie (D:4)
  2 ribbon worms
  57 orcs
  3 ball pythons
  6 bats
  8 endoplasms
  4 giant cockroaches
  9 goblins
  9 hobgoblins
  3 jackals (D:5)
  A quokka (D:1)
  14 kobolds
  2 rats (D:2)
538 creatures vanquished.

Vanquished Creatures (collateral kills)
  The ghost of Qorchona the Brawler, an adept TrEn of Dithmenos (Elf:1)
  A deep elf sorcerer (Elf:3)
  Louise (Elf:2)
  4 deep elf elementalists (Elf:3)
  A deep elf demonologist (Elf:3)
  A deep elf death mage (Elf:1)
  2 deep elf annihilators
  3 deep elf high priests (Elf:3)
  8 hydras
  2 ogre magi (Orc:2)
  The ghost of Huxoxzufuz the Blocker, a journeyman GnFi of Hepliaklqana (Lair:2)
  2 alligators (Lair:4)
  3 dancing weapons
  2 death yaks (Lair:5)
  5 two-headed ogres (Orc:2)
  5 deep elf knights
  A skyshark (Lair:5)
  A deep troll (Orc:2)
  A sea snake (shapeshifter) (Elf:1)
  4 deep elf archers (Elf:2)
  2 necromancers (Elf:1)
  11 deep elf zephyrmancers
  7 deep elf pyromancers
  2 cyclopes (Orc:2)
  2 large abominations (Elf:1)
  A black mamba (Lair:5)
  4 cane toads
  A rime drake (Lair:5)
  4 komodo dragons
  6 trolls (Orc:2)
  A tyrant leech (Lair:5)
  A polar bear (Lair:2)
  10 blink frogs
  4 dream sheep (Lair:2)
  An air elemental (Elf:1)
  2 water elementals
  6 fire bats (Lair:5)
  A fire elemental (Lair:5)
  16 yaks
  A basilisk (Lair:2)
  4 swamp worms (Lair:4)
  3 water moccasins
  A swamp drake (Lair:4)
  8 ogres (Orc:2)
  2 bullfrogs
  3 elf zombies (Elf:1)
  4 jellies (Lair:5)
  A gnoll bouda (Lair:2)
  An orc priest (Orc:2)
  An orc wizard (Orc:2)
  An orc (Orc:2)
161 creatures vanquished.

Vanquished Creatures (others)
  A water elemental (Elf:2)
1 creature vanquished.

Grand Total: 700 creatures vanquished

Notes
Turn   | Place    | Note
-------+----------+-------------------------------------------
     0 | D:1      | jagoly the Gargoyle Monk began the quest for the Orb.
     0 | D:1      | Reached XP level 1. HP: 14/14 MP: 1/1
   121 | D:1      | Reached skill level 3 in Axes
   121 | D:1      | Reached XP level 2. HP: 8/19 MP: 2/2
   202 | D:2      | Reached skill level 1 in Stealth
   368 | D:1      | Reached XP level 3. HP: 24/24 MP: 3/3
   593 | D:3      | Noticed Robin
   609 | D:2      | Killed Robin
   707 | D:3      | Reached XP level 4. HP: 27/29 MP: 4/4
   889 | D:3      | Reached skill level 4 in Axes
   997 | D:3      | Reached XP level 5. HP: 33/33 MP: 5/5
  1010 | D:3      | Reached skill level 1 in Armour
  1071 | D:5      | Entered Level 5 of the Dungeon
  1285 | D:4      | Found a basalt altar of Yredelemnul.
  1329 | D:4      | Reached XP level 6. HP: 19/40 MP: 6/6
  1361 | D:4      | Reached skill level 5 in Fighting
  1399 | D:4      | Reached XP level 7. HP: 20/44 MP: 7/7
  1461 | D:4      | Noticed Natasha
  1469 | D:4      | Killed Natasha
  1477 | D:4      | Found a large runed translucent door.
  1477 | D:4      | Found a large runed translucent door.
  1479 | D:4      | Noticed jagoly's ghost (weakling OpCj)
  1501 | D:4      | Killed jagoly's ghost
  1502 | D:4      | Reached skill level 5 in Axes
  1546 | D:4      | Found Dium's Book Shoppe.
  1549 | D:4      | You fall into a shaft and drop 3 floors!
  1775 | D:6      | Reached skill level 6 in Axes
  1799 | D:5      | Reached XP level 8. HP: 36/51 MP: 8/8
  1872 | D:6      | Reached skill level 7 in Axes
  1974 | D:5      | Found a staircase to the Ecumenical Temple.
  1989 | Temple   | Entered the Ecumenical Temple
  2079 | D:5      | Reached skill level 8 in Axes
  2182 | D:5      | Reached XP level 9. HP: 42/55 MP: 9/9
  2184 | D:5      | Found Funol's General Store.
  2198 | D:5      | Reached skill level 9 in Axes
  2236 | D:5      | Bought a potion of haste for 140 gold pieces
  2315 | D:5      | Noticed Ijyb
  2321 | D:5      | Killed Ijyb
  2339 | D:5      | Found a runed translucent gate.
  2340 | D:5      | Found a runed translucent gate.
  2340 | D:5      | Noticed jagoly's ghost (amateur DrSh)
  2341 | D:5      | Found a runed translucent gate.
  2401 | D:5      | Killed jagoly's ghost
  2906 | D:5      | Identified the +8 whip "Ditwarph" {antimagic, rC- rN++
                  | Int-2 Stlth+}
  3042 | D:6      | Reached skill level 10 in Axes
  3321 | D:6      | Found a glowing golden altar of the Shining One.
  3334 | D:6      | Found an opulent altar of Gozag.
  3368 | D:6      | Became a worshipper of the Shining One
  3368 | D:6      | Reached * piety under the Shining One
  3368 | D:6      | Reached ** piety under the Shining One
  3446 | D:7      | Noticed Joseph
  3492 | D:7      | Killed Joseph
  3493 | D:7      | Reached skill level 1 in Throwing
  3583 | D:7      | Reached skill level 11 in Axes
  3590 | D:7      | Noticed a two-headed ogre
  3594 | D:7      | Reached skill level 1 in Evocations
  3594 | D:7      | Reached XP level 10. HP: 52/60 MP: 10/10
  3599 | D:7      | Killed a two-headed ogre
  3600 | D:7      | Reached skill level 5 in Armour
  3700 | D:8      | Noticed Pikel
  3991 | D:9      | Reached skill level 1 in Invocations
  4057 | D:9      | Noticed a skeletal warrior
  4249 | D:8      | Killed Pikel
  4260 | D:8      | Noticed Jeremiah
  4345 | D:5      | Bought a scroll of blinking for 105 gold pieces
  4345 | D:5      | Bought a potion of curing for 42 gold pieces
  4511 | D:8      | Killed Jeremiah
  4514 | D:8      | Noticed Maggie
  4543 | D:8      | Killed Maggie
  4544 | D:8      | Reached skill level 12 in Axes
  4544 | D:8      | Reached XP level 11. HP: 48/68 MP: 11/13
  4639 | D:8      | Reached *** piety under the Shining One
  4762 | D:9      | Noticed a white ugly thing
  4762 | D:9      | Noticed a two-headed ogre
  4869 | D:10     | Entered Level 10 of the Dungeon
  5102 | D:10     | Found a shadowy altar of Dithmenos.
  5333 | D:10     | Found a blossoming altar of Fedhas.
  5415 | D:11     | Found Geatabyats's Distillery.
  5433 | D:11     | Bought a potion of might for 60 gold pieces
  5433 | D:11     | Bought a potion of enlightenment for 75 gold pieces
  5433 | D:11     | Bought a potion of berserk rage for 75 gold pieces
  6059 | D:10     | Found a shimmering altar of Xom.
  6059 | D:10     | Found a glowing silver altar of Zin.
  6059 | D:10     | Noticed an angel
  6122 | D:9      | Killed a white ugly thing
  6182 | D:9      | Killed a two-headed ogre
  6183 | D:9      | Reached XP level 12. HP: 46/77 MP: 15/15
  6263 | D:9      | Noticed a two-headed ogre
  6270 | D:9      | Killed a two-headed ogre
  6271 | D:9      | Reached skill level 10 in Fighting
  6271 | D:9      | Reached skill level 13 in Axes
  6476 | D:9      | Reached **** piety under the Shining One
  6495 | D:9      | Found a staircase to the Orcish Mines.
  6543 | D:9      | Found a staircase to the Lair.
  6550 | Lair:1   | Entered Level 1 of the Lair of Beasts
  6647 | Lair:1   | Found a transporter.
  6692 | Lair:1   | Reached skill level 5 in Dodging
  6692 | Lair:1   | Reached skill level 5 in Invocations
  6704 | Lair:1   | Found a transporter.
  6866 | Lair:1   | Found a gate leading to a gauntlet.
  6870 | Gauntlet | Entered a Gauntlet
  6870 | Gauntlet | Found a transporter.
  6870 | Gauntlet | Found a transporter.
  6874 | Gauntlet | Found a transporter.
  6879 | Gauntlet | Noticed a soul eater
  6881 | Gauntlet | Found a transporter.
  6886 | Gauntlet | Noticed a tengu warrior
  6887 | Gauntlet | Found a transporter.
  6888 | Gauntlet | Found a transporter.
  6914 | Gauntlet | Killed a soul eater
  6915 | Gauntlet | Reached ***** piety under the Shining One
  6924 | Gauntlet | Identified the amulet of Rocoat {Reflect ^Contam rC+ Int+3
                  | SH+5 SInv}
  6943 | Gauntlet | Found a transporter.
  6970 | Gauntlet | Found a transporter.
  6988 | Gauntlet | Found a large runed translucent door.
  7061 | Gauntlet | Found a large runed translucent door.
  7063 | Gauntlet | Found a large runed translucent door.
  7064 | Gauntlet | Found a large runed translucent door.
  7065 | Gauntlet | Found a runed translucent door.
  7066 | Gauntlet | Found a large runed translucent door.
  7067 | Gauntlet | Found a large runed translucent door.
  7068 | Gauntlet | Found a transporter.
  7068 | Gauntlet | Found a large runed translucent door.
  7068 | Gauntlet | Found a large runed translucent door.
  7069 | Gauntlet | Found a runed translucent door.
  7070 | Gauntlet | Found a large runed translucent door.
  7070 | Gauntlet | Found a large runed translucent door.
  7070 | Gauntlet | Found a large runed translucent door.
  7070 | Gauntlet | Found a large runed translucent door.
  7071 | Gauntlet | Found a large runed translucent door.
  7071 | Gauntlet | Found a large runed translucent door.
  7072 | Gauntlet | Found a large runed translucent door.
  7072 | Gauntlet | Found a large runed translucent door.
  7076 | Gauntlet | Noticed a green death
  7076 | Gauntlet | Found a runed translucent gate.
  7076 | Gauntlet | Found a runed translucent gate.
  7076 | Gauntlet | Found a runed translucent gate.
  7077 | Gauntlet | Found a transporter.
  7095 | Gauntlet | Killed a green death
  7096 | Gauntlet | Reached skill level 14 in Axes
  7100 | Gauntlet | Found a transporter.
  7109 | Gauntlet | Noticed a hell hog
  7125 | Gauntlet | Noticed a minotaur
  7137 | Gauntlet | Killed a minotaur
  7138 | Gauntlet | Reached XP level 13. HP: 60/84 MP: 18/18
  7149 | Gauntlet | Identified the +9 orcbow "Naovoch" {heavy, rC+}
  7367 | Lair:2   | Found a staircase to the Shoals.
  7535 | Lair:2   | Found a transporter.
  7681 | Lair:2   | Found a staircase to the Snake Pit.
  7739 | Lair:2   | Noticed Huxoxzufuz's ghost (journeyman GnFi)
  7759 | Lair:2   | Reached skill level 15 in Axes
  7763 | Lair:2   | Killed Huxoxzufuz's ghost
  7788 | Lair:2   | Found a transporter.
  8009 | Lair:3   | Reached skill level 16 in Axes
  8105 | Lair:5   | Entered Level 5 of the Lair of Beasts
  8117 | Lair:4   | Gained mutation: Your large and strong wings let you fly.
                  | [Gargoyle growth]
  8117 | Lair:4   | Reached XP level 14. HP: 76/92 MP: 20/20
  8227 | Lair:4   | HP: 1/92 [cane toad (13)]
  8561 | Lair:5   | Reached skill level 10 in Invocations
  8589 | Lair:5   | Reached skill level 5 in Throwing
  8737 | Lair:5   | Found a staircase to the Slime Pits.
  8767 | Lair:5   | Found a viscous altar of Jiyva.
  8847 | Lair:5   | Got an earthy gem with 1737 turns to spare
  8898 | Lair:5   | Reached XP level 15. HP: 96/96 MP: 18/24
  9513 | Orc:1    | Entered Level 1 of the Orcish Mines
  9577 | Orc:2    | Entered Level 2 of the Orcish Mines
 10045 | Orc:2    | Reached skill level 5 in Evocations
 10145 | Orc:2    | Found a staircase to the Elven Halls.
 10150 | Orc:2    | Found Geppust's Antique Armour Boutique.
 10151 | Orc:2    | Found Letouc's Antique Armour Boutique.
 10179 | Orc:2    | Found Ficrouc's Book Emporium.
 10201 | Orc:2    | Found Iklovergh's Weapon Shop.
 10276 | Elf:1    | Entered Level 1 of the Elven Halls
 10276 | Elf:1    | Found a runed translucent gate.
 10276 | Elf:1    | Found a runed translucent gate.
 10276 | Elf:1    | Found a runed translucent gate.
 10276 | Elf:1    | Found a runed translucent gate.
 10276 | Elf:1    | Found a runed translucent gate.
 10276 | Elf:1    | Found a runed translucent gate.
 10277 | Elf:1    | Found a runed translucent door.
 10286 | Elf:1    | Found a runed translucent door.
 10522 | Elf:1    | Found a large runed translucent door.
 10523 | Elf:1    | Found a large runed translucent door.
 10524 | Elf:1    | Noticed Qorchona's ghost (adept TrEn)
 10539 | Elf:1    | Killed Qorchona's ghost
 10540 | Elf:1    | Reached XP level 16. HP: 97/104 MP: 25/25
 10550 | Elf:1    | Identified the +0 quarterstaff of Nemelex Xobeh's Anger
                  | {flame, Will+}
 10638 | Elf:2    | Noticed Louise
 10651 | Elf:2    | Killed Louise
 10710 | Elf:2    | Reached skill level 17 in Axes
 10893 | Elf:2    | Found a huge runed translucent gate.
 10893 | Elf:2    | Found a huge runed translucent gate.
 10893 | Elf:2    | Found a huge runed translucent gate.
 10893 | Elf:2    | Found a huge runed translucent gate.
 10893 | Elf:2    | Found a huge runed translucent gate.
 10911 | Elf:3    | Entered Level 3 of the Elven Halls
 10940 | Elf:3    | Found a shimmering blue altar of Sif Muna.
 11157 | Elf:3    | Noticed a deep elf master archer
 11163 | Elf:3    | Killed a deep elf master archer
 11169 | Elf:3    | Noticed a deep elf master archer
 11189 | Elf:3    | Killed a deep elf master archer
 11192 | Elf:3    | Noticed a Brimstone Fiend
 11193 | Elf:3    | Noticed a Brimstone Fiend
 11201 | Elf:3    | Noticed a deep elf blademaster
 11212 | Elf:3    | HP: 8/160 [deep elf blademaster/+0 rapier of holy wrath
                  | (3)]
 11215 | Elf:3    | HP: 2/160 [deep elf blademaster/+0 rapier of holy wrath
                  | (7)]
 11221 | Elf:3    | Slain by a deep elf blademaster

Illustrated notes

Levels and vault maps discovered:
D:1:      minmay_arrival_nine_rooms, layout_basic,
          nicolae_kite_square_tiling_tiny, serial_bayou_crossing
D:2:      layout_basic, columned_hall_lemuel, kennysheep_generic_room_2
D:3:      layout_basic, minivault_27, kennysheep_another_room, uniq_robin
D:4:      layout_loops_corners, lemuel_mausoleum_altar_yredelemnul,
          ebering_ghost_disaster_area, serial_shops, nicolae_shop_statue_plus,
          uniq_natasha
D:5:      minmay_general_purpose_star, layout_loops_ring,
          minmay_temple_entry_statues_fountains, gammafunk_ghost_split,
          kennysheep_diamond, uniq_ijyb
D:6:      layout_cave_pools, jmf_multi_god_temple, nicolae_sextant
D:7:      layout_loops_ring, uniq_joseph
D:8:      layout_basic, uniq_maggie, uniq_pikel, uniq_jeremiah
D:9:      nzn_winding_woodlands_three_and_one
          [nzn_winding_woodlands_5x15_split_checker,
          nzn_winding_woodlands_5x15_pool,
          nzn_winding_woodlands_5x15_lazy_stream,
          nzn_winding_woodlands_center_triple_pond], layout_loops_ring,
          david_orc_4, nicolae_elevator_lobby_plus
D:10:     layout_rooms, amcnicky_altar_gilded, fedhas_altar_3,
          grunt_temple_overflow_order_and_chaos_1
D:11:     layout_long_grid, serial_shops, nicolae_stop_n_shop_1
Temple:   hellmonk_temple_two_chambers
Lair:1:   gammafunk_cloud_chamber, layout_chaotic_city,
          nicolae_volcano_entry_batcave, gauntlet_entry_generic,
          grunt_megastairs_5
Lair:2:   layout_roguey, elwin_shoals_entry_rooms, dummy_snake_entry,
          nzn_ghost_randoct, dreamdust_gnoll_shepherd
Lair:3:   layout_regular_city
Lair:4:   onia_ninara_swampy_vault, layout_long_grid, patterned_corridor
Lair:5:   minmay_lair_end_frog_pond, layout_gridlike,
          nicolae_slime_entry_field_trip
Orc:1:    layout_diamond_mine
Orc:2:    st_orc_open, layout_caves, basic_altar, nicolae_orc_rockfall
Elf:1:    nicolae_elf_arrival_dilemma, layout_gridlike,
          ebering_ghost_disaster_area, minmay_elf_necromancy
Elf:2:    elven_hall_of_blades_hangedman_alternative
          [nicolae_blade_entry_sentries_behind_glass], layout_geoelf_octagon,
          uniq_louise
Elf:3:    minmay_elf_hall_not_hex, layout_loops_corners, serial_shops, shop,
          basic_altar, minivault_11, nicolae_specific_store, minmay_shop_star

Skill      XL: |  1  2  3  4  5  6  7  8  9 10 11 12 13 14 15 16 |
---------------+-------------------------------------------------+-----
Axes           | 3 4 6 8 11 12 14 16 17 | 17.5
Stealth        | 1 2 |  2.0
Fighting       | 4 5 6 7 9 11 12 13 14 | 14.9
Armour         | 2 3 4 6 8 9 |  9.0
Throwing       | 1 2 6 7 |  7.4
Evocations     | 1 2 4 7 8 |  8.0
Dodging        | 3 5 6 |  6.0
Invocations    | 3 4 7 8 12 | 12.0

Action                     |  1- 3 |  4- 6 |  7- 9 | 10-12 | 13-15 | 16-18 || total
---------------------------+-------+-------+-------+-------+-------+-------++-------
  Melee: Hand axe          |    31 |    30 |    26 |       |       |       ||    87
         Short sword       |    44 |    43 |     1 |       |       |       ||    88
         Trident           |       |    51 |    61 |       |       |       ||   112
         Whip              |       |       |   285 |   230 |     4 |       ||   519
         Battleaxe         |       |       |       |   354 |   610 |    74 ||  1038
         War axe           |       |       |       |    26 |       |       ||    26
         Spear             |       |       |       |    13 |       |       ||    13
  Throw: Stone             |       |       |     5 |    26 |       |       ||    31
         Dart              |       |       |     1 |    11 |     3 |       ||    15
         Throwing net      |       |       |     1 |       |       |       ||     1
         Boomerang         |       |       |       |    13 |    69 |    16 ||    98
 Invoke: Divine Shield     |       |       |       |     7 |     5 |     2 ||    14
         Summon Divine War |       |       |       |       |    10 |     4 ||    14
         Cleansing Flame   |       |       |       |       |       |     2 ||     2
  Evoke: Wand              |       |       |     3 |     2 |     5 |     1 ||    11
         Phial of floods   |       |       |       |       |     1 |       ||     1
    Use: Scroll            |       |       |     1 |     7 |     4 |     6 ||    18
         Potion            |       |       |       |     4 |     4 |     2 ||    10
 Armour: Robe              |    51 |       |       |       |       |       ||    51
         Ring mail         |       |    71 |     4 |       |       |       ||    75
         Chain mail        |       |       |   273 |    98 |    53 |       ||   424
         Plate armour      |       |       |    42 |       |       |       ||    42
         Acid dragon scale |       |       |       |   208 |       |       ||   208
         Troll leather arm |       |       |       |   180 |   542 |   100 ||   822
  Dodge: Dodged            |    54 |    56 |   142 |   361 |   378 |    32 ||  1023
  Block: Other             |       |       |       |    21 |   163 |    23 ||   207
         Reflection        |       |       |       |     1 |     8 |     6 ||    15
